 Dungeon Crawl Stone Soup version 0.28.0-1-gb440e238dd (webtiles) character file.

Game seed: 12960554890859941152

428 zeram the Cudgeller (level 6, -3/38 HPs)
             Began as a Gargoyle Fighter on Feb 26, 2022.
             Killed by divine providence
             ... invoked by an orc priest
              (16 damage)
             ... on level 4 of the Dungeon.
             The game lasted 00:04:45 (2458 turns).

zeram the Cudgeller (Gargoyle Fighter)              Turns: 2458, Time: 00:04:46

Health: -3/38      AC: 12    Str: 21    XL:     6   Next: 98%
Magic:  6/6        EV:  9    Int:  9    God:
Gold:   98         SH:  5    Dex:  9    Spells: 5/5 levels left

rFire   . . .      SeeInvis .   s - +1 whip (venom)
rCold   . . .      Faith    .   c - +1 buckler
rNeg    + . .      Spirit   .   b - +0 scale mail
rPois   ∞          Reflect  .   t - +0 helmet
rElec   +          Harm     .   (no cloak)
rCorr   .          Rampage  .   (no gloves)
Will    .....                   (no boots)
Stlth   ..........              n - amulet of regeneration
HPRegen 0.92/turn               (no ring)
MPRegen 0.10/turn               (no ring)

@: mighty
A: sickness immunity, AC +4, negative energy resistance 1, electricity
resistance, torment resistance 1, petrification resistance
a: no special abilities


You were on level 4 of the Dungeon.
You visited 1 branch of the dungeon, and saw 4 of its levels.

You collected 98 gold pieces.

Inventory:

Hand Weapons
 a - a +0 flail
 s - a +1 whip of venom (weapon)
Missiles
 e - a throwing net
 g - 14 poisoned darts (quivered)
Armour
 b - a +0 scale mail (worn)
 c - a +1 buckler (worn)
 t - a +0 helmet (worn)
Jewellery
 n - an amulet of regeneration (around neck)
 r - an amulet of guardian spirit
Scrolls
 h - 2 scrolls of amnesia
 j - 4 scrolls of identify
 o - a scroll of magic mapping
 p - 2 scrolls of fog {unknown}
 q - 2 scrolls of teleportation {unknown}
Potions
 f - a potion of haste
 i - 2 potions of lignification {unknown}
 k - a potion of ambrosia {unknown}
 l - 2 potions of magic {unknown}
 m - a potion of degeneration {unknown}
 u - a potion of curing {unknown}


   Skills:
 + Level 4.1 Fighting
 + Level 5.1 Maces & Flails
 + Level 4.5 Armour
 + Level 1.4 Dodging
 + Level 0.3 Stealth
 + Level 4.3 Shields


You had 5 spell levels left.
You didn't know any spells.
Your spell library was empty.

Dungeon Overview and Level Annotations

Branches:
Dungeon (4/15)
 Temple: D:4-7

Altars:
Nemelex Xobeh

Shops:
D:3 :((


Innate Abilities, Weirdness & Mutations

You are immune to sickness and miasma.
Your stone body is resilient. (AC +4)
You are immune to poison.
You resist negative energy. (rN+)
You are resistant to electric shocks. (rElec)
You are resistant to unholy torment.
You are immune to petrification.


Message History

The orc hits you but does no damage.
You closely miss the orc. You block the orc's attack.
You hit the orc.
The orc is poisoned.
The orc is heavily wounded.
You barely miss the orc.
The orc is heavily wounded.
You block the orc's attack.
You hit the orc.
The orc looks as sick as possible!
The orc is almost dead.
You kill the orc!
You whack the orc!
You kill the orc!
You hit the endoplasm.
You kill the endoplasm!
You closely miss something. Something hits you but does no damage.
You closely miss something. Something hits you.
You hit something. Something hits you but does no damage.
You closely miss something. Something hits you but does no damage.
You closely miss something. You barely miss something.
You hear some strange, mumbled words.
A puff of flame appears from out of thin air!
The puff of flame hits you.
You miss something. Something hits you.
You barely miss something.
The orc priest mumbles some strange prayers to Beogh against you.
Beogh smites you! Something hits you but does no damage.
You barely miss something.
The orc priest mumbles some strange prayers to Beogh against you.
Beogh smites you!
* * * LOW HITPOINT WARNING * * *
Something hits you but does no damage.
You barely miss something. Something hits you but does no damage.
You miss something. Something hits you but does no damage.
You feel very mighty all of a sudden. Something hits you.
You closely miss something. Something hits you but does no damage.
The orc priest invokes the aid of Beogh against you.
Beogh smites you!
You die...

#######.### ###...###.#
..........# #...#.###.#
..........# #...#...#.##
..........###.#.###.#...
..........+.............
..........######(.......
######.o.....###.#.###..
##{##o...##.#......
#@#.)..###.....#..
#[###..........#..
.$.......###.....#..
##..###..# #.....#..
#... .... #.....#.. ...#
....##.....#..
#.###....##.....#.( ..
.....########.. #.!###
#..


You could see an orc priest.

Vanquished Creatures
  A kobold brigand (D:3)
  A scorpion (D:4)
  A water moccasin skeleton (D:3)
  The ghost of Kae the Conjurer, a weakling OpCj (D:3)
  2 hounds (D:4)
  A hound skeleton (D:3)
  A howler monkey zombie (D:3)
  6 adders
  An adder zombie (D:3)
  2 worms (D:3)
  A dart slug (D:2)
  4 orcs (D:4)
  4 bats
  5 endoplasms
  A giant cockroach (D:2)
  7 goblins
  A hobgoblin (D:1)
  4 jackals (D:3)
  3 quokkas
  5 ball pythons
  6 frilled lizards
  14 kobolds
  A quokka zombie (D:3)
  6 rats
79 creatures vanquished.

Vanquished Creatures (others)
  2 fungi (D:4)
2 creatures vanquished.

Grand Total: 81 creatures vanquished

Notes
Turn   | Place    | Note
-------+----------+-------------------------------------------
     0 | D:1      | zeram the Gargoyle Fighter began the quest for the Orb.
     0 | D:1      | Reached XP level 1. HP: 14/14 MP: 1/1
   278 | D:1      | Reached XP level 2. HP: 19/19 MP: 2/2
   405 | D:1      | Found a faded altar of an unknown god.
   914 | D:2      | Reached XP level 3. HP: 23/23 MP: 3/3
  1078 | D:2      | Reached skill level 3 in Maces & Flails
  1078 | D:2      | Reached XP level 4. HP: 28/28 MP: 4/4
  1465 | D:3      | Found Yvomuenu's Antique Weapon Emporium.
  1554 | D:3      | Reached skill level 1 in Dodging
  1613 | D:3      | Reached XP level 5. HP: 32/32 MP: 5/5
  1669 | D:3      | Found Rotoi's Antique Weapon Shop.
  1710 | D:3      | Found a runed translucent gate.
  1711 | D:3      | Noticed a kobold brigand
  1712 | D:3      | Found a runed translucent gate.
  1712 | D:3      | Noticed Kae's ghost (weakling OpCj)
  1714 | D:3      | Found a runed translucent gate.
  1881 | D:3      | Found Meami's Book Boutique.
  1906 | D:3      | Reached skill level 4 in Maces & Flails
  2197 | D:3      | Killed a kobold brigand
  2198 | D:3      | Reached XP level 6. HP: 38/38 MP: 6/6
  2235 | D:3      | Killed Kae's ghost
  2320 | D:4      | Reached skill level 5 in Maces & Flails
  2342 | D:4      | Identified the +2 robe of the Sparrow {rPois rCorr Int+4}
  2387 | D:4      | Found a sparkling altar of Nemelex Xobeh.
  2458 | D:4      | Killed from afar by an orc priest

Illustrated notes

Levels and vault maps discovered:
D:1:      elethiomel_arrival_shortcut, layout_loops_ring,
          basic_ecumenical_altar, hangedman_decor_lopped, minmay_tiny_reverse_x
D:2:      layout_basic
D:3:      layout_loops_ring, gammafunk_ghost_nasty_kobolds, serial_undead,
          serial_undead_a, serial_undead_c, serial_undead_f, serial_undead_c,
          serial_undead_e, serial_shops, nicolae_square_shop,
          nicolae_shop_advertising_works [nicolae_subvault_shop_adworks], shop
D:4:      layout_basic, mainiacjoe_overflow_boulevard

Skill      XL: |  1  2  3  4  5  6 |
---------------+-------------------+-----
Maces & Flails | 3 4 5 |  5.1
Armour         | 4 |  4.5
Dodging        | 1 |  1.4
Shields        | 4 |  4.3
Fighting       | 4 |  4.1
Stealth        | |  0.3

Action                   |  1- 3 |  4- 6 || total
-------------------------+-------+-------++-------
Melee: Flail             |   103 |   157 ||   260
       Whip              |       |    45 ||    45
  Use: Scroll            |       |     6 ||     6
       Potion            |       |     2 ||     2
Armor: Scale mail        |    70 |   114 ||   184
Dodge: Dodged            |    53 |    87 ||   140
Block: Buckler           |    20 |    54 ||    74
